[Event "45th FIDE Olympiad 2024"]
[Site "Budapest"]
[Date "2024.09.16"]
[Round "6.109"]
[White "Grandelius, Nils"]
[Black "Salem, A.R. Saleh"]
[Result "1/2-1/2"]
[ECO "E73"]
[WhiteElo "2653"]
[BlackElo "2631"]
[Annotator "RC"]
[PlyCount "174"]
[EventDate "2024.09.05"]
[EventType "team-tourn"]
[EventCountry "HUN"]
[SourceTitle "playchess.com"]
[Source "ChessBase"]
[SourceQuality "1"]
[WhiteTeam "Sweden"]
[BlackTeam "United Arab Emirates"]
[WhiteTeamCountry "SWE"]
[BlackTeamCountry "UAE"]
[TimeControl "40/5400+30:1800+30"]

1. d4 Nf6 2. c4 g6 3. Nc3 Bg7 4. e4 d6 5. Be2 O-O 6. Be3 Na6 7. h4 e5 8. d5 Nc5 9. Qc2 c6 10. h5 cxd5 11. cxd5 Qa5 12. h6 Bh8 13. f3 Bd7 14. Rb1 Na4 15. Qd2 Nxc3 16. bxc3 Qc7 17. c4 Bc8 18. g4 Nd7 19. Nh3 Bf6 20. Nf2 Bd8 21. Nd3 Qa5 22. Kf2 Qxd2 23. Bxd2 Bb6+ 24. Be3 f5 25. gxf5 gxf5 26. Bxb6 axb6 27. Ke3 Rxa2 28. Ra1 f4+ 29. Kf2 Rxa1 30. Rxa1 Kf7 31. Bf1 Ke7 32. Bh3 Nf6 33. Bxc8 Rxc8 34. Ra4 Kd7 35. Rb4 Kc7 36. Nb2 Nd7 37. Ra4 Rg8 38. Ra1 Rg6 39. Na4 Rxh6 40. Nc3 Nc5 41. Nb5+ Kd7 42. Ra8 Rg6 43. Rh8 h6 44. Na7 Nd3+ 45. Ke2 Nb2 46. Rh7+ Ke8 47. Rxb7 Rg2+ 48. Kf1 Rc2 49. Nb5 Nxc4 50. Rh7 Rb2 51. Nc7+ Kf8 52. Rxh6 Nd2+ 53. Ke2 Nxe4+ 54. Kd1 Kg7 55. Re6 Ng5 56. Rxd6 Nxf3 57. Re6 Kf7 58. Kc1 Rb3 59. d6 Rd3 60. Re7+ Kf6 61. Ne8+ Kf5 62. d7 Ng5 63. Kc2 Rd4 64. Rg7 f3 65. Nc7 f2 66. Rxg5+ Kxg5 67. Ne6+ Kg4 68. Nxd4 f1=Q 69. d8=Q Qc4+ 70. Kd2 exd4 71. Qxb6 Qc3+ 72. Kd1 Qd3+ 73. Ke1 Qe4+ 74. Kd2 Qf4+ 75. Ke2 Qe5+ 76. Kd2 Qe3+ 77. Kd1 Qe4 78. Kd2 Qf4+ 79. Ke2 Qe5+ 80. Kd2 Qh2+ 81. Kd1 Qg1+ 82. Kd2 Qf2+ 83. Kd1 Qf3+ 84. Kd2 Qc3+ 85. Kd1 Qd3+ 86. Ke1 Qe3+ 87. Kd1 Qd3+ 1/2-1/2

[Event "45th FIDE Olympiad 2024"]
[Site "Budapest"]
[Date "2024.09.16"]
[Round "6.110"]
[White "Ammar, Sedrani"]
[Black "Blomqvist, Erik"]
[Result "1-0"]
[ECO "E11"]
[WhiteElo "2226"]
[BlackElo "2491"]
[Annotator "RC"]
[PlyCount "139"]
[EventDate "2024.09.05"]
[EventType "team-tourn"]
[EventCountry "HUN"]
[SourceTitle "playchess.com"]
[Source "ChessBase"]
[SourceQuality "1"]
[WhiteTeam "United Arab Emirates"]
[BlackTeam "Sweden"]
[WhiteTeamCountry "UAE"]
[BlackTeamCountry "SWE"]
[TimeControl "40/5400+30:1800+30"]

1. d4 Nf6 2. c4 e6 3. Nf3 d5 4. g3 Bb4+ 5. Bd2 a5 6. Bg2 O-O 7. O-O dxc4 8. Qc2 Bxd2 9. Nbxd2 b5 10. a4 c6 11. Rfd1 Qe7 12. e4 Na6 13. Ne5 Bb7 14. Qc3 Rfc8 15. axb5 cxb5 16. Rxa5 b4 17. Qc2 c3 18. Ndc4 cxb2 19. Qxb2 Nc7 20. Rc5 Rd8 21. Re1 Rac8 22. Na5 Na6 23. Nac6 Bxc6 24. Nxc6 Qxc5 25. dxc5 Rxc6 26. Bf1 Rb8 27. Bxa6 Rxa6 28. Qe5 Rb7 29. Rd1 h6 30. Rb1 Rc6 31. Qd4 b3 32. Qd8+ Kh7 33. Qd3 Nd7 34. e5+ g6 35. Qf3 Nxe5 36. Qe4 Rb5 37. Qxe5 Rcxc5 38. Qf6 Rf5 39. Qc3 Rfc5 40. Qf3 Rf5 41. Qc6 h5 42. Kg2 b2 43. Qc2 Rfc5 44. Qe2 Re5 45. Qf3 Rf5 46. Qa3 Rb8 47. Rxb2 Rxb2 48. Qxb2 g5 49. h3 g4 50. hxg4 hxg4 51. Qd4 Rg5 52. Qf6 Rg7 53. Kf1 Kg8 54. Qd8+ Kh7 55. Qf8 Kg6 56. Ke2 Kf6 57. Qd8+ Kf5 58. Qe7 Kg6 59. Ke3 Kf5 60. Qf8 Kf6 61. Kf4 Rg6 62. Qd8+ Kg7 63. Ke5 Rh6 64. Kd6 Rf6 65. Ke7 Rf5 66. Qd4+ Kh6 67. Kf8 e5 68. Qe4 Kg5 69. Kg7 f6 70. Qe3+ 1-0

[Event "45th FIDE Olympiad 2024"]
[Site "Budapest"]
[Date "2024.09.16"]
[Round "6.111"]
[White "Lokander, Martin"]
[Black "Ahmed, Fareed"]
[Result "1-0"]
[ECO "E42"]
[WhiteElo "2469"]
[BlackElo "2061"]
[Annotator "TA"]
[PlyCount "49"]
[EventDate "2024.09.05"]
[EventType "team-tourn"]
[EventCountry "HUN"]
[SourceTitle "playchess.com"]
[Source "ChessBase"]
[SourceQuality "1"]
[WhiteTeam "Sweden"]
[BlackTeam "United Arab Emirates"]
[WhiteTeamCountry "SWE"]
[BlackTeamCountry "UAE"]
[TimeControl "40/5400+30:1800+30"]

1. d4 Nf6 2. c4 e6 3. Nc3 Bb4 4. e3 c5 5. Nge2 cxd4 6. exd4 d5 7. c5 Ne4 8. a3 Nxc3 9. Nxc3 Bxc3+ 10. bxc3 {White has an edge.} O-O 11. Bd3 b6 12. Qh5 {[%csl Gd3][%cal Rh5h7] [#]} g6 (12... f5 {simplifies} 13. cxb6 axb6 14. Qe2 Qd6) 13. Qh6 {Black must now prevent h4. Black is weak on the dark squares} Ba6 14. Bxa6 Nxa6 15. h4 (15. Bg5 f6 16. Bd2 bxc5 $14) 15... bxc5 16. h5 {[#] Intending hxg6 and mate.} Qf6 (16... Qe7 $11) 17. Rh3 $40 {[%mdl 128] hxg6 would now be deadly. White attacks with force.} cxd4 $2 {[%mdl 8192] This move loses the game for Black.} (17... Qe7 $16) 18. hxg6 $18 {White is clearly winning.} Qxg6 19. Rg3 ({Not} 19. cxd4 Kh8 $16) 19... dxc3 20. Bf4 {[%cal Of4e5] aiming for Be5!} Nc5 21. Bd6 Rfc8 22. Rxg6+ fxg6 23. Ke2 {Threatening mate with Rh1.} a5 24. Rh1 Ra7 25. Qe3 {[%csl LRc3,LRc5] Weighted Error Value: White=0.18 (very precise) /Black=0.39.  Loses game:     	---       	Black=1      Mistake:       	---       	Black=1      OK:         	White=5     	Black=3      Best:        	White=1     	---} 1-0

[Event "45th FIDE Olympiad 2024"]
[Site "Budapest"]
[Date "2024.09.16"]
[Round "6.112"]
[White "Sultan, Ibrahim"]
[Black "Pantzar, Milton"]
[Result "0-1"]
[ECO "D45"]
[WhiteElo "2206"]
[BlackElo "2437"]
[Annotator "TA"]
[PlyCount "80"]
[EventDate "2024.09.05"]
[EventType "team-tourn"]
[EventCountry "HUN"]
[SourceTitle "playchess.com"]
[Source "ChessBase"]
[SourceQuality "1"]
[WhiteTeam "United Arab Emirates"]
[BlackTeam "Sweden"]
[WhiteTeamCountry "UAE"]
[BlackTeamCountry "SWE"]
[TimeControl "40/5400+30:1800+30"]

1. d4 d5 2. c4 e6 3. Nc3 Nf6 4. Nf3 c6 5. e3 Nbd7 6. Be2 Be7 7. b3 O-O 8. O-O b6 9. Bb2 Bb7 10. Bd3 h6 {The position is equal.} 11. Qe2 dxc4 12. Bxc4 b5 13. Bd3 b4 14. Na4 c5 15. Nxc5 Bxc5 16. dxc5 Nxc5 17. Bc4 {A strong pair of Bishops.} Nfe4 18. Rfd1 Qe7 19. Rac1 Rfd8 20. Nd4 Rac8 (20... Nd6 $5) 21. f3 Nd6 22. Bd3 $1 Nxd3 23. Qxd3 Qg5 {aiming for ...e5.} 24. Rxc8 Nxc8 25. Qe2 Ne7 26. Nc2 Rxd1+ 27. Qxd1 Nd5 28. Qd4 Qg6 {[#]} (28... Nc3 $1 $11 29. Kf2 Nxa2) 29. g3 f5 $2 ({And not} 29... Qxc2 30. Qxg7#) (29... Nc3 $17 {keeps the pressure on.} 30. Bxc3 bxc3 (30... Qxc2 31. Qxg7#) 31. Qxc3 Bxf3) 30. Qxa7 $16 ({Much worse is} 30. Nxb4 $6 Nxb4 31. Qxb4 Bxf3 $11) 30... Qf7 31. Qb8+ Kh7 32. Kg2 ({White should try} 32. Qe5 $16) 32... Nc3 {[%cal Ob7f3] [#] White must now prevent ...Bxf3+!} 33. Bxc3 bxc3 $14 {[%mdl 4096] Endgame. KQB-KQN} 34. Qf4 g5 35. Qc4 g4 (35... Qd7 $1 $11 36. Qxc3 Qd1) 36. Qxc3 $16 gxf3+ (36... Bxf3+ $16 37. Kf2 Be4) 37. Kf2 $18 Bd5 38. Nb4 {Hoping for Nxd5.} Be4 39. Nd3 Qa7 40. Ne5 $4 (40. a4 $18) 40... Qxa2+ {Weighted Error Value: White=0.34/Black=0.30.  Missed win:     	White=1     	---        Mistake:       	White=2     	Black=4      Inaccurate:     	White=2     	Black=2      OK:         	White=8     	Black=8      Best:        	White=5     	Black=2      Strong:       	White=1     	---} 0-1

[Event "45th FIDE Olympiad 2024"]
[Site "Budapest"]
[Date "2024.09.16"]
[Round "6.113"]
[White "Makhnev, Denis"]
[Black "Barrish, Daniel"]
[Result "1-0"]
[ECO "E16"]
[WhiteElo "2551"]
[BlackElo "2281"]
[Annotator "TA"]
[PlyCount "75"]
[EventDate "2024.09.05"]
[EventType "team-tourn"]
[EventCountry "HUN"]
[SourceTitle "playchess.com"]
[Source "ChessBase"]
[SourceQuality "1"]
[WhiteTeam "Kazakhstan"]
[BlackTeam "South Africa"]
[WhiteTeamCountry "KAZ"]
[BlackTeamCountry "RSA"]
[TimeControl "40/5400+30:1800+30"]

1. d4 Nf6 2. c4 e6 3. Nf3 b6 4. g3 Bb7 5. Bg2 Bb4+ 6. Nbd2 O-O 7. O-O Be7 8. Re1 c5 9. e4 d5 {White is slightly better.} 10. cxd5 exd5 11. e5 Ne4 12. dxc5 Nxd2 ({Black should try} 12... Nxc5 $14 13. Nb3 Nc6) 13. Nxd2 bxc5 14. Nc4 Bc6 15. Ne3 (15. Nd6 $1 $14 d4 16. Bf4) 15... d4 $11 16. Nf5 g6 (16... Bxg2 $11 17. Kxg2 Nc6) 17. Nh6+ $16 Kg7 18. Ng4 Re8 19. Bh6+ Kg8 20. Bf3 (20. Bxc6 $1 $16 Nxc6 21. Qf3) 20... Qb6 {[#]} (20... a5 $1 $11) 21. e6 ({White should play} 21. b4 $1 $16 {e6 is the strong threat.} Bxf3 22. Qxf3) 21... f6 $1 $14 22. Rc1 $36 {[%cal Ob2b4][%mdl 2048] White fights for an advantage.} a5 23. h4 {[%cal Bh2h4,Bh4h5][%mdl 32] White is much more active. The black rooks are passive.} Qb7 {White leaves nothing to chance now.} 24. Bxc6 Qxc6 {[#]} 25. h5 $1 {aiming for Qd3. Really sharp!} Qd5 (25... Na6 26. hxg6) 26. Ne3 Qxe6 (26... Qxh5 $14 27. Qxh5 gxh5) 27. Ng4 Qf7 {[#]} 28. Bg5 $1 Kf8 29. Bh6+ Kg8 30. Bg5 {Hoping for Nh6+.} Kf8 $1 {[#]} 31. Rxe7 $1 Rxe7 32. Nxf6 {Strongly threatening Bh6+.} Re5 {[#]} 33. Nxh7+ Qxh7 (33... Kg8 $142 34. Nf6+ Kg7) 34. Qf3+ $18 Rf5 $2 (34... Qf7 35. Bh6+ (35. Qxa8 Rxg5 36. Qxb8+ Kg7 $16) 35... Ke7 36. Qxa8 Nd7) 35. Qxa8 {White is clearly winning.} Rxg5 36. Qxb8+ Kg7 37. Re1 {White threatens Re7+ and mate.} Kh6 38. Re8 {Weighted Error Value: White=0.64/Black=0.34.  Loses game:     	---       	Black=1      Mistake:       	White=4     	Black=5      Inaccurate:     	White=3     	Black=3      OK:         	White=10    	Black=4      Best:        	White=5     	Black=4      Strong:       	---       	Black=2} 1-0

[Event "45th FIDE Olympiad 2024"]
[Site "Budapest"]
[Date "2024.09.16"]
[Round "6.114"]
[White "Karsten, Jan"]
[Black "Nogerbek, Kazybek"]
[Result "0-1"]
[ECO "C88"]
[WhiteElo "2311"]
[BlackElo "2519"]
[Annotator "TA"]
[PlyCount "40"]
[EventDate "2024.09.05"]
[EventType "team-tourn"]
[EventCountry "HUN"]
[SourceTitle "playchess.com"]
[Source "ChessBase"]
[SourceQuality "1"]
[WhiteTeam "South Africa"]
[BlackTeam "Kazakhstan"]
[WhiteTeamCountry "RSA"]
[BlackTeamCountry "KAZ"]
[TimeControl "40/5400+30:1800+30"]

1. e4 e5 2. Nf3 Nc6 3. Bb5 a6 4. Ba4 Nf6 5. O-O Be7 6. Re1 b5 7. Bb3 O-O 8. a4 d5 (8... b4 $11 {was preferrable.}) 9. axb5 $14 dxe4 10. bxc6 exf3 {White is better.} 11. Qxf3 (11. Rxe5 Bd6 12. Re1 Ng4 13. Qxf3 Nxh2 $17 (13... Bxh2+ 14. Kh1 $11)) 11... e4 12. Qg3 {[#] White does not recover from this.} (12. Qe2 $14) 12... Ng4 $1 $19 13. Rxe4 Bh4 14. Qf4 (14. Rxg4 Bxg3 15. Rxg3) 14... Bxf2+ 15. Kh1 Bc5 16. d4 (16. Re2 {is the only way for White.} Bd6 17. Qf1) 16... Bd6 {Black is clearly winning.} 17. Qf3 Qh4 {[%csl Gd6,Gg4][%cal Rh4h2] [#]} ({Weaker is} 17... Nxh2 18. Qf2 $17) 18. Kg1 {h3 is the strong threat.} Qxh2+ ({Less strong is} 18... Bxh2+ 19. Kf1 $17) 19. Kf1 Qh1+ 20. Ke2 Qxc1 {Weighted Error Value: White=1.10/Black=0.03 (flawless) .  Loses game:     	White=1     	---        Mistake:       	White=2     	---        Inaccurate:     	White=2     	---        OK:         	White=1     	Black=2      Best:        	White=2     	Black=6      Strong:       	---       	Black=1} 0-1

[Event "45th FIDE Olympiad 2024"]
[Site "Budapest"]
[Date "2024.09.16"]
[Round "6.115"]
[White "Suleymenov, Alisher"]
[Black "Levitan, Caleb Levi"]
[Result "1-0"]
[ECO "D02"]
[WhiteElo "2484"]
[BlackElo "2193"]
[Annotator "TA"]
[PlyCount "69"]
[EventDate "2024.09.05"]
[EventType "team-tourn"]
[EventCountry "HUN"]
[SourceTitle "playchess.com"]
[Source "ChessBase"]
[SourceQuality "1"]
[WhiteTeam "Kazakhstan"]
[BlackTeam "South Africa"]
[WhiteTeamCountry "KAZ"]
[BlackTeamCountry "RSA"]
[TimeControl "40/5400+30:1800+30"]

1. Nf3 d5 2. g3 Nd7 3. d4 Ngf6 4. Bg2 Nb6 5. O-O h6 6. Ne5 Bf5 7. c4 e6 8. c5 {White is slightly better.} Nbd7 9. c6 bxc6 10. Nxc6 Qc8 11. Nc3 $36 {[%mdl 2048] White is pushing.} Qb7 12. Ne5 c6 13. Nxd7 Nxd7 14. e4 Bh7 15. Re1 Be7 16. Qg4 {Strongly threatening exd5.} Bg6 {[#]} ({Black should play} 16... Kf8 $14) 17. exd5 $1 $16 cxd5 {[%mdl 8192] This move loses the game for Black.} (17... exd5 $16 18. Qe2 Nb6) 18. Rxe6 $1 $18 Nb6 (18... Nf6 19. Rxf6 Bxf6 20. Nxd5 $18 (20. Bxd5 Qc8 $18)) (18... fxe6 19. Qxg6+ Kd8 20. Qxe6 (20. Qxg7 Bf6 $18) 20... Qb6) 19. Re5 (19. Rxg6 $142 h5 20. Rxb6 Qxb6 21. Qf3 (21. Qxg7 Bf6 $18)) 19... Rd8 20. h4 {[%cal Bh2h4,Bh4h5][%mdl 32] h5 is the strong threat.} Kf8 21. h5 Bh7 22. b3 Bd6 23. Re2 (23. Bxd5 Qd7 24. Qxd7 Rxd7 $16) 23... g5 $2 (23... Qd7 24. Qxd7 Rxd7 25. Nxd5 (25. Bxd5 Nxd5 26. Nxd5 f6 $16) 25... Nxd5) 24. hxg6 {White is clearly winning.} Bxg6 25. Qh4 Kg7 {[#]} 26. Bxh6+ $1 Rxh6 27. Qxd8 Qc6 28. Re3 Bc7 29. Qe8 Qf6 30. Qe7 ({Worse is} 30. Nxd5 Nxd5 31. Rf3 (31. Bxd5 $2 {is the wrong capture.} Qxd4 32. Bc6 Qxa1+ 33. Re1 Qf6 $19) 31... Qxd4 $17) 30... Bd8 31. Qxf6+ Bxf6 32. Rd1 Rh5 33. f4 Rh8 34. g4 Bc2 35. Rd2 {Weighted Error Value: White=0.25 (precise) /Black=0.48.  Loses game:     	---       	Black=1      Mistake:       	White=1     	Black=3      Inaccurate:     	White=1     	Black=2      OK:         	White=15    	Black=11     Strong:       	White=2     	---} 1-0

[Event "45th FIDE Olympiad 2024"]
[Site "Budapest"]
[Date "2024.09.16"]
[Round "6.116"]
[White "Cawdery, Daniel"]
[Black "Ansat, Aldiyar"]
[Result "1/2-1/2"]
[ECO "B30"]
[WhiteElo "2356"]
[BlackElo "2457"]
[Annotator "TA"]
[PlyCount "30"]
[EventDate "2024.09.05"]
[EventType "team-tourn"]
[EventCountry "HUN"]
[SourceTitle "playchess.com"]
[Source "ChessBase"]
[SourceQuality "1"]
[WhiteTeam "South Africa"]
[BlackTeam "Kazakhstan"]
[WhiteTeamCountry "RSA"]
[BlackTeamCountry "KAZ"]
[TimeControl "40/5400+30:1800+30"]

1. e4 c5 2. Nf3 Nc6 3. Bb5 e6 4. O-O Nge7 5. Re1 Nd4 6. Bf1 Nec6 7. c3 {The position is equal.} Nxf3+ 8. Qxf3 Be7 9. d3 O-O 10. Qg3 d5 11. Nd2 Bh4 12. Qf3 Bf6 13. Qg3 Bh4 14. Qf3 Bf6 15. Qg3 Bh4 {Not much happened in this game.   Weighted Error Value: White=0.04 (flawless) /Black=0.06 (flawless) .  OK:         	White=4     	Black=2} 1/2-1/2

[Event "45th FIDE Olympiad 2024"]
[Site "Budapest"]
[Date "2024.09.16"]
[Round "6.117"]
[White "Neiksans, Arturs"]
[Black "Mandizha, Farai"]
[Result "1/2-1/2"]
[ECO "B52"]
[WhiteElo "2571"]
[BlackElo "2371"]
[Annotator "TA"]
[PlyCount "75"]
[EventDate "2024.09.05"]
[EventType "team-tourn"]
[EventCountry "HUN"]
[SourceTitle "playchess.com"]
[Source "ChessBase"]
[SourceQuality "1"]
[WhiteTeam "Latvia"]
[BlackTeam "Zimbabwe"]
[WhiteTeamCountry "LAT"]
[BlackTeamCountry "ZIM"]
[TimeControl "40/5400+30:1800+30"]

1. e4 c5 2. Nf3 d6 3. Bb5+ Bd7 4. c4 g6 5. d4 Bg7 6. O-O cxd4 7. Nxd4 Nc6 8. Be3 Nf6 9. f3 O-O 10. Nc3 Ne5 11. b3 Bxb5 12. Ndxb5 a6 13. Nd4 Rc8 14. Rc1 e6 15. h3 Qa5 16. Qd2 Rfd8 17. Rfd1 h5 18. Bg5 Ned7 19. Kh1 Re8 20. Nde2 Rc6 21. Bf4 Bf8 {[#]} 22. Nd5 Qxd2 $14 23. Nxf6+ Nxf6 24. Rxd2 Rec8 (24... b5 $5) 25. Rcd1 e5 {The position is equal.} 26. Bg5 Nh7 27. Be3 b5 28. cxb5 axb5 29. g4 hxg4 30. hxg4 Be7 31. Kg2 Kg7 32. Rd5 b4 33. R1d2 Rc2 34. Kf2 Bh4+ 35. Kg2 Be7 36. Kf2 Bh4+ 37. Kg2 Be7 38. Kf2 {Weighted Error Value: White=0.07 (flawless) /Black=0.06 (flawless) .  Mistake:       	White=1     	---        Inaccurate:     	White=1     	---        OK:         	White=14    	Black=11     Best:        	White=1     	Black=2} 1/2-1/2

[Event "45th FIDE Olympiad 2024"]
[Site "Budapest"]
[Date "2024.09.16"]
[Round "6.118"]
[White "Makoto, Rodwell"]
[Black "Meshkovs, Nikita"]
[Result "1-0"]
[ECO "E05"]
[WhiteElo "2311"]
[BlackElo "2534"]
[Annotator "TA"]
[PlyCount "133"]
[EventDate "2024.09.05"]
[EventType "team-tourn"]
[EventCountry "HUN"]
[SourceTitle "playchess.com"]
[Source "ChessBase"]
[SourceQuality "1"]
[WhiteTeam "Zimbabwe"]
[BlackTeam "Latvia"]
[WhiteTeamCountry "ZIM"]
[BlackTeamCountry "LAT"]
[TimeControl "40/5400+30:1800+30"]

1. Nf3 Nf6 2. g3 d5 3. Bg2 e6 4. O-O Be7 5. c4 O-O 6. d4 dxc4 7. Qc2 b5 8. a4 {E05: Open Catalan: 5 Nf3 Be7.} b4 9. Nfd2 Nd5 10. Nxc4 c5 11. dxc5 Ba6 12. b3 Nc6 $146 ({Predecessor:} 12... Qc7 13. Bb2 Nd7 14. e4 N5f6 15. Nbd2 Rac8 16. Rad1 Nxc5 17. Be5 Qc6 18. Bxf6 gxf6 {0-1 Atakhan,A (2294)-Dubov,D (2710) Titled Arena Mar 6th blitz 2021}) 13. Bb2 Bxc5 14. Rd1 Qe7 15. Nbd2 f5 16. e3 Rac8 17. Nf3 Nb6 18. Nfe5 Nxe5 19. Nxe5 (19. Bxe5 Bxc4 20. bxc4 a5 $15) 19... Bb7 20. Qe2 Bxg2 21. Kxg2 Qb7+ 22. Qf3 Nd5 23. Kg1 Rc7 24. Nc4 (24. Rac1 $14) 24... Nc3 $1 $11 25. Qxb7 Rxb7 26. Rd3 Be7 $1 27. Kg2 (27. Bxc3 bxc3 28. Rc1 (28. Rxc3 $2 Bf6 $17) 28... Bf6 $17) 27... Rd8 28. Rxd8+ Bxd8 29. Rc1 Bf6 30. Nd6 Rb6 31. Nb5 Nxb5 32. Bxf6 gxf6 33. axb5 Rxb5 34. Rc8+ Kf7 35. Rc7+ Kg6 36. Rxa7 e5 37. Kf3 h5 38. h4 Rb8 39. Rc7 Rb6 40. Ke2 e4 41. Rc4 Rb8 42. f3 exf3+ 43. Kxf3 Rb5 44. Kf4 Kf7 45. Rc7+ Kg6 $1 46. Rd7 Kh6 47. Kf3 Kg6 48. Ke2 Rb8 49. Rd5 Rb7 50. Kf3 Re7 ({Black should play} 50... Rb8 $14) 51. Rb5 $16 Re4 (51... Rc7 $142 52. Rxb4 Rc2) 52. Rb7 Kh6 53. Rd7 (53. Ke2 $18 {and White stays clearly on top.}) 53... Re5 (53... Re6 $142) 54. Rb7 Re4 55. Rb5 Kg6 56. Kf2 Rg4 57. Rd5 Re4 58. Rd4 Kf7 59. Kf3 Rxd4 $2 (59... Re6 $18 60. Rxb4 Rc6) 60. exd4 Ke7 61. Kf4 Ke6 62. d5+ $1 Kxd5 63. Kxf5 Kd4 {[#]} 64. g4 $1 ({And not} 64. Kxf6 Kc3 65. Kg5 Kxb3 $11) 64... hxg4 65. Kxg4 Ke4 66. h5 f5+ {[#]} 67. Kh3 $1 1-0

[Event "45th FIDE Olympiad 2024"]
[Site "Budapest"]
[Date "2024.09.16"]
[Round "6.119"]
[White "Kantans, Toms"]
[Black "Mushore, Emarald Takudzwa"]
[Result "1-0"]
[ECO "C86"]
[WhiteElo "2486"]
[BlackElo "2150"]
[Annotator "TA"]
[PlyCount "79"]
[EventDate "2024.09.05"]
[EventType "team-tourn"]
[EventCountry "HUN"]
[SourceTitle "playchess.com"]
[Source "ChessBase"]
[SourceQuality "1"]
[WhiteTeam "Latvia"]
[BlackTeam "Zimbabwe"]
[WhiteTeamCountry "LAT"]
[BlackTeamCountry "ZIM"]
[TimeControl "40/5400+30:1800+30"]

1. e4 e5 2. Nf3 Nc6 3. Bb5 a6 4. Ba4 Nf6 5. O-O b5 6. Bb3 Be7 7. Qe2 O-O 8. c3 d5 9. d3 Bg4 10. h3 Bh5 (10... Bxf3 $11 11. Qxf3 d4) 11. Bg5 (11. exd5 $14 Na5 12. Bc2) 11... dxe4 $11 12. dxe4 Na5 {The position is equal.} 13. Bc2 (13. g4 {is more complex.} Nxg4 14. hxg4 Nxb3 15. axb3 Bxg4 16. Rd1) 13... h6 14. Bh4 (14. Be3 $5) 14... g5 (14... Nd7 $11 {remains equal.} 15. Bg3 Nc4) 15. Bg3 $16 Bd6 16. Nbd2 (16. Bxe5 $2 Bxf3 17. Qxf3 Bxe5 $19) 16... Qe7 17. b4 Nb7 18. a4 c6 19. Ra2 Rac8 20. Bb3 (20. Rfa1 $16) 20... Nd7 (20... a5 $1 $11) 21. axb5 axb5 22. Ra7 Rc7 23. Rfa1 Kg7 (23... Nf6 $16 {was called for.}) 24. Nf1 $1 $18 Bg6 25. Ne3 (25. Rd1 $1 $18) 25... Nf6 $16 26. Ng4 {White has more active pieces.} ({Better is} 26. Nh4 $16 gxh4 27. Bxh4) 26... Nxe4 (26... Nxg4 $1 $14 27. hxg4 h5) 27. Bxe5+ (27. Nfxe5 $2 Nxg3 28. Qe3 (28. fxg3 $2 h5 $19) 28... Bxe5 29. Nxe5 Re8 $19) 27... f6 {[#]} 28. Bxd6 Nbxd6 {[#]} 29. Rxc7 Qxc7 30. Nd4 {aiming for Ne6+.} Bf7 31. Bxf7 Qxf7 32. f3 (32. Nxc6 Qb3 33. Ra6 Qxc3 $14) 32... c5 (32... Nxc3 $2 33. Qe6 (33. Qe1 Nd5 $18) 33... Nc4 34. Qe1 $18 (34. Qxc6 Kh8 $18)) 33. fxe4 (33. Nxb5 Ng3 34. Qd3 Nxb5 35. Qxb5 cxb4 $16) 33... cxd4 34. e5 (34. cxd4 Qc4 35. Ra7+ Rf7 36. Rxf7+ Kxf7 37. Qxc4+ (37. Nxh6+ Ke8 $11) 37... bxc4 $11) 34... f5 35. Nf2 (35. exd6 fxg4 36. Qe5+ (36. cxd4 gxh3 37. Rc1 Kg8 $11) (36. hxg4 dxc3 37. Rc1 Qa7+ 38. Kh1 Qd7 $11) 36... Kg8 $11) (35. Nxh6 $18 Kxh6 36. Ra6 (36. exd6 dxc3 37. Qxb5 c2 $16) 36... dxc3 37. Rxd6+ Kg7 38. Qe3 (38. Qxb5 Qa7+ 39. Kh2 Qe3 $11)) 35... Nc4 36. cxd4 {Threatens to win with Qf3.} Qd5 37. Qd3 Rf7 38. Re1 Kf8 $2 (38... Nb2 39. Qc3 Nc4) 39. Nd1 $18 f4 40. Nc3 {Weighted Error Value: White=0.17 (very precise) /Black=0.33.  Mistake:       	White=5     	Black=5      Inaccurate:     	White=1     	Black=2      OK:         	White=15    	Black=10     Best:        	White=3     	Black=1} 1-0